 Dungeon Crawl Stone Soup version 0.32-a0-33-g74fbe469d6 (webtiles) character file.

Game seed: 17197381535848489920

2200 pokeman the Thaumaturge (level 9, -14/48 HPs)
             Began as a Deep Elf Hedge Wizard on Jan 20, 2024.
             Was a Follower of Vehumet.
             Demolished by a troll (15 damage)
             ... on level 7 of the Dungeon.
             The game lasted 00:14:21 (6899 turns).

pokeman the Thaumaturge (Deep Elf Hedge Wizard)     Turns: 6899, Time: 00:14:22

Health: -14/48     AC:  3    Str:  7    XL:     9   Next: 12%
Magic:  1/25       EV: 13    Int: 24    God:    Vehumet [*.....]
Gold:   242        SH:  0    Dex: 14    Spells: 20/28 levels left

rFire   . . .        j - staff of cold
rCold   + . .        (no shield)
rNeg    . . .        b - +0 robe
rPois   .            c - +0 hat
rElec   .            (no cloak)
rCorr   .            (no gloves)
SInv    +            n - +0 pair of boots
Will    .....        (no amulet)
Stlth   ++           v - ring of see invisible
HPRegen 0.28/turn    (no ring)
MPRegen 0.19/turn

%: no passive effects
@: on blink cooldown
A: no striking features
a: Renounce Religion


You were on level 7 of the Dungeon.
You worshipped Vehumet.
Vehumet was aware of your devotion.
You visited 2 branches of the dungeon, and saw 8 of its levels.

You collected 242 gold pieces.

Inventory:

Armour
 b - a +0 robe (worn)
 c - a +0 hat (worn)
 n - a +0 pair of boots (worn)
Magical Staves
 j - a staff of cold (weapon)
Jewellery
 p - a ring of fire
 v - a ring of see invisible (left hand)
 w - an amulet of magic regeneration
Wands
 C - a wand of paralysis (8)
Scrolls
 h - 4 scrolls of teleportation {unknown}
 i - 2 scrolls of revelation {unknown}
 k - a scroll of immolation {unknown}
 m - 2 scrolls of enchant armour {unknown}
 o - a scroll of vulnerability {unknown}
 r - 2 scrolls of fear {unknown}
 s - a scroll of butterflies {unknown}
 t - a scroll of amnesia {unknown}
 u - a scroll of blinking {unknown}
 y - 3 scrolls of identify {unknown}
 A - a scroll of fog {unknown}
 D - a scroll of noise {unknown}
 E - a scroll of torment {unknown}
Potions
 a - a potion of lignification {unknown}
 d - a potion of magic
 e - a potion of mutation {unknown}
 f - 2 potions of might {unknown}
 g - a potion of cancellation {unknown}
 l - 3 potions of curing {unknown}
 q - 3 potions of berserk rage {unknown}
 x - 3 potions of attraction {unknown}
 z - 2 potions of haste {unknown}
 B - a potion of degeneration {unknown}
 F - 3 potions of brilliance {unknown}
 G - a potion of heal wounds {unknown}


   Skills:
 - Level 2.1 Fighting
 + Level 2.9 Armour
 - Level 3.0 Dodging
 - Level 3.0 Stealth
 * Level 10.3 Spellcasting
 + Level 7.2 Conjurations
 - Level 1.1 Summonings
 - Level 1.1 Translocations
 + Level 4.5 Ice Magic
 - Level 1.1 Air Magic
 - Level 1.0 Alchemy
 - Level 1.2 Evocations


You had 20 spell levels left.
You knew the following spells:

 Your Spells              Type           Power      Damage    Failure   Level
a - Magic Dart            Conj           100%       1d8       1%          1
b - Mephitic Cloud        Conj/Alch/Air  27%        N/A       4%          3
c - Call Imp              Summ           34%        N/A       4%          2
d - Blink                 Tloc           34%        N/A       4%          2

Your spell library contained the following spells:

 Spells                   Type           Power      Damage    Failure   Level
 Freeze                   Ice            100%       1d10      1%          1
 Ozocubu's Armour         Ice            50%        N/A       2%          3
 Slow                     Hex            48%        N/A       5%          1
 Cigotuvi's Dreadful Rot  Necr/Alch/Air  30%        N/A       6%          2
 Confusing Touch          Hex            12%        N/A       16%         3
 Sigil of Binding         Hex            12%        N/A       16%         3
 Vampiric Draining        Necr           12%        2d6       16%         3
 Metabolic Englaciation   Hex/Ice        17%        N/A       50%         5
 Sculpt Simulacrum        Ice/Alch       19%        N/A       94%         6


Dungeon Overview and Level Annotations

Branches:
Dungeon (7/15)             Temple (1/1) D:4

Altars:
Ashenzari
Cheibriados
Fedhas
Hepliaklqana
Kikubaaqudgha
Makhleb
Nemelex Xobeh
Okawaru
Qazlal
Sif Muna
Uskayaw
Vehumet
Wu Jian
Xom
Yredelemnul
Zin
The Shining One

Annotations:
D:7 Pikel


Message History

Aim: a sleepcap (noxious fumes, almost destroyed, chance to affect: 61%)
The sleepcap resists with significant effort.
The troll is engulfed in noxious fumes.
Aiming: Paralyse
Press: ? - help, Shift-Dir - straight line, f/p - sleepcap
Aim: a sleepcap (almost destroyed, chance to affect: 61%)
The sleepcap suddenly stops moving!
The lemure is engulfed in noxious fumes.
The lemure appears confused.
The troll is engulfed in noxious fumes.
The troll appears confused.
The troll cries.
Unknown command.
You hit the lemure.
The lemure is heavily wounded.
The lemure is engulfed in noxious fumes.
The lemure appears confused.
The lemure hits you!
* * * LOW HITPOINT WARNING * * *
The troll bites the sleepcap.
The troll claws the sleepcap!
The sleepcap is destroyed!
Vehumet accepts your kill.
You feel your power returning.
The lemure is engulfed in noxious fumes.
The lemure appears confused.
You hit the lemure. You freeze the lemure.
The lemure is severely wounded.
The lemure is engulfed in noxious fumes.
The lemure appears confused.
The lemure misses you.
The lemure hits itself.
The troll closely misses you. The troll claws you but does no damage.
The troll claws you!
* * * LOW HITPOINT WARNING * * *
Unknown command.
Casting: Mephitic Cloud (dangerous; 4% risk of failure)
Confirm with . or Enter, or press ? or * to list all spells.
You blink.
The lemure is engulfed in noxious fumes.
Unknown command.
The lemure is engulfed in noxious fumes.
The lemure hits the lemure but does no damage.
The troll bites you!
You die...

# # ### #'#########
##### ..........# #...#
..........# #5.§#
..........# #.T.#
..........# #@..#
..........######5..#
..........#.....§5.#
..........#........#
#.........#........#
............#+##...#
#.#.#####.#.#/##...#
........................
#.#.....................


You could see a troll (confused) and 3 lemures.

Vanquished Creatures
  Sigmund (D:2)
  A water moccasin (D:7)
  3 ice beasts
  A sky beast (D:6)
  5 ogres
  A centaur (D:6)
  A kobold brigand (D:7)
  A bullfrog (D:6)
  3 scorpions
  An electric eel (D:6)
  2 orc priests (D:4)
  3 hounds
  A jelly (D:7)
  2 sleepcaps
  2 iguanas
  An orc wizard (D:4)
  6 gnolls
  10 adders
  A white imp (D:6)
  6 dart slugs
  2 ribbon worms
  7 orcs
  5 ball pythons
  2 bats
  14 endoplasms
  2 giant cockroaches
  6 goblins
  4 hobgoblins
  2 jackals (D:3)
  2 quokkas (D:2)
  8 kobolds
  6 rats
112 creatures vanquished.

Vanquished Creatures (collateral kills)
  A water moccasin (D:7)
  A sleepcap (D:7)
  A dart slug (D:2)
  A hobgoblin (D:2)
4 creatures vanquished.

Vanquished Creatures (others)
  An orc priest (D:5)
1 creature vanquished.

Grand Total: 117 creatures vanquished

Notes
Turn   | Place    | Note
-------+----------+-------------------------------------------
     0 | D:1      | pokeman the Deep Elf Hedge Wizard began the quest for the
                  | Orb.
     0 | D:1      | Reached XP level 1. HP: 10/10 MP: 7/7
   421 | D:1      | Reached XP level 2. HP: 15/15 MP: 2/9
  1134 | D:2      | Noticed Sigmund
  1203 | D:2      | Found a faded altar of an unknown god.
  1352 | D:2      | Reached skill level 5 in Spellcasting
  1557 | D:2      | Reached XP level 3. HP: 18/20 MP: 3/11
  1562 | D:2      | Learned a level 3 spell: Mephitic Cloud
  1565 | D:2      | Learned a level 2 spell: Call Imp
  1568 | D:2      | Learned a level 2 spell: Blink
  1788 | D:2      | Reached skill level 1 in Armour
  1813 | D:2      | Reached skill level 1 in Fighting
  2052 | D:2      | HP: 1/20 [Sigmund/+0 scythe (11)]
  2052 | D:2      | Killed Sigmund
  2053 | D:2      | Reached skill level 5 in Conjurations
  2053 | D:2      | Reached XP level 4. HP: 1/25 MP: 9/13
  2053 | D:2      | Reached XP level 5. HP: 1/29 MP: 9/14
  2674 | D:3      | Reached XP level 6. HP: 34/34 MP: 4/16
  3252 | D:4      | Reached skill level 6 in Spellcasting
  3300 | D:4      | Noticed an ice beast
  3432 | D:4      | Killed an ice beast
  3433 | D:4      | Reached skill level 1 in Ice Magic
  3433 | D:4      | Reached skill level 1 in Alchemy
  3433 | D:4      | Reached skill level 1 in Evocations
  3433 | D:4      | Reached XP level 7. HP: 25/38 MP: 9/18
  3550 | D:4      | Reached skill level 1 in Air Magic
  3882 | D:4      | Found a staircase to the Ecumenical Temple.
  3890 | Temple   | Entered the Ecumenical Temple
  3903 | Temple   | Became a worshipper of Vehumet
  4035 | D:4      | Found a glowing golden altar of the Shining One.
  4035 | D:4      | Found an ornate altar of the Wu Jian Council.
  4075 | D:4      | Found a sparkling altar of Nemelex Xobeh.
  4110 | D:4      | You fall into a shaft and drop 2 floors!
  4193 | D:6      | Reached skill level 7 in Spellcasting
  4372 | D:5      | Entered Level 5 of the Dungeon
  4550 | D:5      | Reached skill level 8 in Spellcasting
  4550 | D:5      | Reached XP level 8. HP: 26/44 MP: 14/22
  4629 | D:5      | Identified the beast talisman of Gozag's Delight {+Blink
                  | rElec Str+2}
  5578 | D:6      | Reached skill level 9 in Spellcasting
  6405 | D:7      | Reached * piety under Vehumet
  6405 | D:7      | Offered knowledge of Freeze by Vehumet.
  6790 | D:7      | Reached skill level 10 in Spellcasting
  6790 | D:7      | Reached XP level 9. HP: 48/48 MP: 19/25
  6831 | D:7      | Noticed Pikel
  6871 | D:7      | Noticed a troll
  6897 | D:7      | HP: 1/48 [troll (10)]
  6899 | D:7      | Demolished by a troll

Illustrated notes

Levels and vault maps discovered:
D:1:      roderic_dead_forest, layout_loops_ring, minivault_25
D:2:      layout_loops_ring, chequers_ecumenical_altar_island,
          nicolae_concentric_dashed_squares_wild,
          minmay_randomly_rotated_circles, uniq_sigmund
D:3:      layout_rooms, nicolae_hexahallways
D:4:      layout_gridville, nicolae_overflow_two_pavilions,
          nemelex_dance_club_becter, minmay_temple_entry_ruins
D:5:      layout_loops_ring, kennysheep_potato
D:6:      layout_basic, nrook_pool_corridor
D:7:      layout_basic, uniq_pikel, uniq_crazy_yiuf_cottage
Temple:   nicolae_temple_bog_church

Skill      XL: |  1  2  3  4  5  6  7  8 |
---------------+-------------------------+-----
Spellcasting   | 5 6 8 10 | 10.3
Armour         | 1 2 |  2.9
Fighting       | 1 2 |  2.1
Conjurations   | 5 6 7 |  7.2
Stealth        | 3 |  3.0
Dodging        | 3 |  3.0
Ice Magic      | 1 2 4 |  4.5
Alchemy        | 1 |  1.0
Evocations     | 1 |  1.2
Air Magic      | 1 |  1.1
Summonings     | |  1.1
Translocations | |  1.1

Action                     |  1- 3 |  4- 6 |  7- 9 || total
---------------------------+-------+-------+-------++-------
  Melee: Dagger            |    13 |    19 |    14 ||    46
         Punch             |     1 |       |       ||     1
         Staff             |       |       |    14 ||    14
   Cast: Magic Dart        |    97 |    80 |   251 ||   428
         Call Imp          |     1 |     1 |     6 ||     8
         Mephitic Cloud    |     1 |     2 |    14 ||    17
         Blink             |       |       |     4 ||     4
  Evoke: Wand              |       |       |     3 ||     3
   Stab: Confused          |     1 |     3 |     4 ||     8
         Sleeping          |       |     1 |       ||     1
 Armour: Robe              |    15 |    11 |    36 ||    62
  Dodge: Dodged            |    13 |    21 |    74 ||   108

Table legend: (Time is in decaauts)
 A = Elapsed time spent in this place.
 B = Non-inter-level travel time spent in this place.
 C = Inter-level travel time spent in this place.
 D = Time resting spent in this place.
 E = Time spent auto-exploring this place.
 F = Levels seen in this place.
 G = Mean time per level.
                   A        B        C        D        E       F      G
               +--------+--------+--------+--------+--------+-----+--------+
         Total |   6902 |   6762 |    140 |    169 |   5617 |   8 |  862.8 |
       Dungeon |   6875 |   6759 |    116 |    169 |   5617 |   7 |  982.1 |
        Temple |     26 |      2 |     24 |      0 |      0 |   1 |   26.0 |
               +--------+--------+--------+--------+--------+-----+--------+

Top non-repeatable levels by time:
     D:2: 1239 daAuts
     D:6: 1222 daAuts
     D:5: 1016 daAuts
     D:1: 1010 daAuts
     D:3: 987 daAuts
     D:4: 870 daAuts
     D:7: 529 daAuts
  Temple: 26 daAuts
